 Dungeon Sprint DCSS version 0.22.1-1-ga44c0e56f4 (webtiles) character file.

493 KleinerIrrer the Martial Artist (level 7, -2/46 HPs)
             Began as an Octopode Monk on Nov 2, 2018.
             Was a Believer of Okawaru.
             Slain by a killer bee (14 damage)
             ... in the Dungeon (Sprint IV: "Fedhas' Mad Dash").
             The game lasted 00:03:18 (1306 turns).

KleinerIrrer the Martial Artist (Octopode Monk)     Turns: 1306, Time: 00:03:19

Health: -2/46      AC:  1    Str: 10    XL:     7   Next: 15%
Magic:  10/12      EV: 19    Int: 12    God:    Okawaru [**....]
Gold:   93         SH:  0    Dex: 17    Spells: 6/6 levels left

rFire    . . .     SeeInvis .     - Unarmed
rCold    . . .     Gourm    .   (no shield)
rNeg     . . .     Faith    .   (helmet restricted)
rPois    .         Spirit   .   i - amulet of invisibility {+Inv}
rElec    .         Reflect  .   (no ring)
rCorr    .         Harm     .   (no ring)
MR       .....     NoTele   +   (no ring)
Stlth    +++++.....             (no ring)
HPRegen  0.15/turn              (no ring)
MPRegen  0.13/turn              (no ring)
                                (no ring)
                                (no ring)

@: lethally poisoned (-2 -> -10), heroism
A: almost no armour, stealthy swim, amphibious, 8 rings, constrict 8, camouflage
1, gelatinous body 1
a: Heroism, Renounce Religion, Evoke Invisibility


You were in the Dungeon.
You worshipped Okawaru.
Okawaru was pleased with you.
You were very hungry.

You visited 1 branch You collected 93 gold pieces.

Inventory:

Jewellery
 i - the amulet of invisibility (around mantle) {+Inv}
   (You found it in the Dungeon)

   [amulet of nothing]

   It lets you turn invisible.
Wands
 k - a wand of polymorph (9)
Scrolls
 g - a scroll of blinking
 j - a scroll of enchant weapon {unknown}
Potions
 d - a potion of haste
 e - 2 potions of magic
 f - a potion of berserk rage
Comestibles
 a - a ration


   Skills:
 - Level 3.0(8.0) Fighting
 - Level 3.0(8.0) Dodging
 - Level 2.6(7.6) Stealth
 + Level 13.0(18.0) Unarmed Combat
 * Level 7.6 Invocations


You had 6 spell levels left.
You didn't know any spells.
Your spell library was empty.

Dungeon Overview and Level Annotations

Branches:
Dungeon (1/1)

Altars:
Cheibriados
Dithmenos
Elyvilon
Gozag
Hepliaklqana
Kikubaaqudgha
Makhleb
Nemelex Xobeh
Okawaru
Qazlal
Ru
Sif Muna
Trog
Uskayaw
Vehumet
Wu Jian
Xom
Yredelemnul
Zin
The Shining One
Beogh
Jiyva
Lugonu

Shops:
D :[


Innate Abilities, Weirdness & Mutations

You cannot wear most types of armour.
You are very stealthy in the water. (Stealth+)
You are amphibious.
You can wear up to eight rings at the same time.
You can use your tentacles to constrict eight enemies at once.
Your skin changes colour to match your surroundings (Stealth+).
Your rubbery body absorbs attacks. (AC +1, EV +1)


Message History

The killer bee poisons you!
You tentacle-slap the killer bee. x2
The killer bee is moderately wounded.
You constrict the killer bee.
You constrict the killer bee, but do no damage.
You feel sick. The killer bee stings you!
* * * LOW HITPOINT WARNING * * *
The killer bee closely misses you. The killer bee misses you.
The killer bee completely misses you.
You feel much better.
You constrict the killer bee. x2; You feel sick.
The killer bee stings you! The killer bee misses you. x2
The killer bee barely misses you. The killer bee stings you!
* * * LOW HITPOINT WARNING * * *
The killer bee closely misses you.
You batter the killer bee!!
You kill the killer bee!
Okawaru accepts your kill.
Your base Unarmed Combat skill increases to level 13!
You constrict the killer bee. The killer bee stings you!
You die...

########################
#<..P#.....#.....#.⌠._._
#PP..'.)...'.#.(.'.._._.
#PPPP#.....#.#...#..._._
###############'##.._._.
#...♣...y....'...#._._._
#%...yy♣†....#...#######
#.....♣@.♣..######
##+####+#####


You could see a queen bee and 2 killer bees.

Vanquished Creatures
  A wandering mushroom (D)
  2 scorpions (D)
  2 killer bees (D)
  4 oklob saplings (D)
  A worker ant (D)
  2 spriggans (D)
  A river rat (D)
  A rat (D)
14 creatures vanquished.

Notes
Turn   | Place    | Note
-------+----------+-------------------------------------------
     0 | D        | KleinerIrrer the Octopode Monk began the quest for the Orb.
     0 | D        | Reached XP level 1. HP: 16/16 MP: 1/1
    14 | D        | Reached skill level 5 in Unarmed Combat
    14 | D        | Reached XP level 2. HP: 3/21 MP: 2/2
   276 | D        | Noticed an oklob sapling
   280 | D        | Killed an oklob sapling
   280 | D        | Reached skill level 7 in Unarmed Combat
   280 | D        | Reached XP level 3. HP: 26/26 MP: 3/3
   283 | D        | Found the amulet of invisibility {+Inv}
   286 | D        | Reached skill level 8 in Unarmed Combat
   286 | D        | Reached XP level 4. HP: 31/31 MP: 4/4
   305 | D        | Found an opulent altar of Gozag.
   305 | D        | Found a hazy altar of Hepliaklqana.
   305 | D        | Found a burning altar of Makhleb.
   305 | D        | Found a sparkling altar of Nemelex Xobeh.
   305 | D        | Found a sacrificial altar of Ru.
   305 | D        | Found a deep blue altar of Sif Muna.
   305 | D        | Found an ornate altar of the Wu Jian Council.
   305 | D        | Found a shimmering altar of Xom.
   305 | D        | Found a basalt altar of Yredelemnul.
   306 | D        | Found a viscous altar of Jiyva.
   306 | D        | Found a roughly hewn altar of Beogh.
   306 | D        | Found a snail-covered altar of Cheibriados.
   306 | D        | Found a bloodstained altar of Trog.
   306 | D        | Noticed an oklob sapling priest
   307 | D        | Found an iron altar of Okawaru.
   307 | D        | Found a shadowy altar of Dithmenos.
   307 | D        | Found a glowing silver altar of Zin.
   308 | D        | Found an ancient bone altar of Kikubaaqudgha.
   308 | D        | Found a hide-covered altar of Uskayaw.
   309 | D        | Found a stormy altar of Qazlal.
   309 | D        | Found a white marble altar of Elyvilon.
   309 | D        | Found a glowing golden altar of the Shining One.
   310 | D        | Found a corrupted altar of Lugonu.
   310 | D        | Found a radiant altar of Vehumet.
   316 | D        | Killed an oklob sapling priest
   316 | D        | Reached skill level 9 in Unarmed Combat
   483 | D        | Became a worshipper of Warmaster Okawaru
   483 | D        | Reached * piety under Okawaru
   483 | D        | Reached ** piety under Okawaru
   494 | D        | Reached skill level 10 in Unarmed Combat
   494 | D        | Reached XP level 5. HP: 8/36 MP: 4/6
   732 | D        | Reached skill level 11 in Unarmed Combat
   732 | D        | Reached skill level 5 in Invocations
   732 | D        | Reached XP level 6. HP: 41/42 MP: 4/9
   774 | D        | Found Ykked's Antique Armour Shop.
   775 | D        | Found Surah's Book Emporium.
   781 | D        | Noticed a burning bush
   781 | D        | Noticed a wandering mushroom
   782 | D        | Noticed a wandering mushroom
   805 | D        | Killed a wandering mushroom
   805 | D        | Reached skill level 12 in Unarmed Combat
   807 | D        | HP: 1/42 [burning bush/puff of flame (17)]
  1285 | D        | Noticed a queen bee
  1299 | D        | Reached XP level 7. HP: 22/46 MP: 10/12
  1306 | D        | Reached skill level 13 in Unarmed Combat
  1306 | D        | Slain by a killer bee

Skill      XL: |  1  2  3  4  5  6  7 |
---------------+----------------------+-----
Unarmed Combat | 5 7 8 10 11 12 13 | 13.0
Invocations    | 2 5 7 |  7.6
Fighting       | |  3.0
Dodging        | |  3.0
Stealth        | |  2.6

Action                   |  1- 3 |  4- 6 |  7- 9 || total
-------------------------+-------+-------+-------++-------
Melee: Unarmed           |    16 |    25 |     6 ||    47
       Tentacles         |     4 |     6 |       ||    10
       Constrict         |     4 |     7 |     2 ||    13
       Punch             |       |     5 |     2 ||     7
Invok: Heroism           |       |     3 |       ||     3
  Use: Potion            |       |     1 |     1 ||     2
 Stab: Sleeping          |     2 |     2 |       ||     4
Dodge: Dodged            |     7 |    15 |    17 ||    39
